 Dungeon Crawl Stone Soup version 0.29.1-13-g9f3cf754e1 (webtiles) character file.

Game seed: 10073456550331094300

350 cowcol the Chopper (level 6, -4/52 (53) HPs)
             Began as a Minotaur Monk on Jan 31, 2023.
             Slain by Duvessa
             ... wielding a +0 rapier
              (15 damage)
             ... on level 4 of the Dungeon.
             The game lasted 00:10:45 (3529 turns).

cowcol the Chopper (Minotaur Monk)                  Turns: 3529, Time: 00:10:45

HP:   -4/52 (53)    AC:  5    Str: 24    XL:     6   Next: 33%
MP:   5/5           EV: 12    Int:  7    God:
Gold: 159           SH:  0    Dex: 12    Spells: 5/5 levels left

rFire   . . .      SeeInvis .   r - +0 war axe (spect)
rCold   + . .      Faith    .   (no shield)
rNeg    . . .      Spirit   .   y - +0 ring mail
rPois   .          Reflect  .   (helmet restricted)
rElec   .          Harm     .   (no cloak)
rCorr   .          Rampage  .   (no gloves)
Will    .....                   (no boots)
Stlth   +.........              g - amulet of the acrobat
HPRegen 0.17/turn               k - ring of protection from cold
MPRegen 0.09/turn               n - +6 ring of strength

@: lightly drained
A: horns 2, retaliatory headbutt
a: no special abilities


You were on level 4 of the Dungeon.
You visited 1 branch of the dungeon, and saw 4 of its levels.

You collected 225 gold pieces.
You spent 66 gold pieces at shops.

Inventory:

Hand Weapons
 a - a +0 hand axe
 f - a +0 dagger
 r - a +0 spectral war axe (weapon)
Missiles
 l - 6 poisoned darts (quivered)
 m - 29 stones
 C - 2 boomerangs
Armour
 b - a +0 robe
 d - a +0 plate armour
 u - a +0 leather armour
 y - a +0 ring mail (worn)
Jewellery
 g - an amulet of the acrobat (around neck)
 k - a ring of protection from cold (left hand)
 n - a +6 ring of strength (right hand)
Scrolls
 e - 5 scrolls of teleportation
 j - 2 scrolls of fear
 s - 2 scrolls of magic mapping
 t - 2 scrolls of butterflies {unknown}
 z - a scroll of immolation
 B - 2 scrolls of silence
 D - a scroll of identify
Potions
 c - a potion of ambrosia
 i - 2 potions of haste {unknown}
 o - a potion of mutation {unknown}
 p - a potion of brilliance {unknown}
 q - a potion of attraction {unknown}
 v - a potion of invisibility {unknown}
 w - a potion of flight {unknown}
 x - a potion of might {unknown}
 A - a potion of curing {unknown}


   Skills:
 + Level 4.6 Fighting
 + Level 6.2 Axes
 + Level 0.1 Throwing
 * Level 2.8 Armour
 + Level 4.8 Dodging
 + Level 1.9 Stealth


You had 5 spell levels left.
You didn't know any spells.
Your spell library contained the following spells:

 Spells                   Type           Power      Damage    Failure   Level
 Blink                    Tloc           0%         N/A       71%         2
 Lesser Beckoning         Tloc           0%         N/A       91%         3
 Cause Fear               Hex            0%         N/A       100%        4
 Manifold Assault         Tloc           0%         N/A       100%        5
 Dragon Form              Tmut           0%         N/A       100%        7
 Chain Lightning          Conj/Air       0%         N/A       100%        9
 Dragon's Call            Summ           0%         N/A       100%        9
 Fire Storm               Conj/Fire      0%         5d1       100%        9
 Shatter                  Erth           0%         3d5*      100%        9


Dungeon Overview and Level Annotations

Branches:
Dungeon (4/15)
 Temple: D:4-7

Altars:
Fedhas
Qazlal
Ru

Shops:
D:3 ?

Annotations:
D:4 Duvessa


Innate Abilities, Weirdness & Mutations

You have a pair of horns on your head.
You reflexively headbutt those who attack you in melee.


Message History

You hit Duvessa. You headbutt Duvessa.
Duvessa is lightly wounded.
Your +0 spectral war axe hits Duvessa!
Duvessa misses your +0 spectral war axe.
Duvessa hits your +0 spectral war axe with a +0 rapier.
Your spectral weapon shares its damage with you!
* * * LOW HITPOINT WARNING * * *
You hit Duvessa.
Duvessa is heavily wounded.
Your +0 spectral war axe hits Duvessa!
Your +0 spectral war axe closely misses the giant cockroach.
Duvessa rages.
Blink to where?
Press: ? - help, Dir - move target
As you read the scroll of blinking, it crumbles to dust.
You hear a shout!
You hear a shout!
Okay, then.
Blink to where?
Press: ? - help, Dir - move target
As you read the scroll of blinking, it crumbles to dust.
You climb upwards.
There is a stone staircase leading down here.
You start resting.
HP restored.
You start waiting.
Done waiting.
You climb downwards.
Level annotation: Duvessa Duvessa closely misses you.
You furiously retaliate!
You headbutt Duvessa. Duvessa hits you with a +0 rapier!
There is a stone staircase leading up, spattered with blood here.
You barely miss Duvessa.
Duvessa is lightly wounded.
Duvessa hits you with a +0 rapier! x2
* * * LOW HITPOINT WARNING * * *
You barely miss Duvessa.
Duvessa is lightly wounded.
Duvessa hits you with a +0 rapier!
You die...

### ###.# ######### #...#
#.......# #.#.# #.......# #.#.#
#.......##################.#.#
#........B...e@#...........#.#
#.......########.###########.##
######.#......................#
#.#>#######.##############
#.#.# #.# ########.#.#######.#
.......#.#.#.....#.#
####...B.#.#.....#.#
####.....#.#.....#.#########


You could see Duvessa (berserk) and a giant cockroach.

Vanquished Creatures
  A sky beast (D:4)
  Dowan (D:4)
  A hound (D:4)
  9 adders
  A worm (D:3)
  A dart slug (D:4)
  7 ball pythons
  5 bats
  6 endoplasms
  6 giant cockroaches
  12 goblins
  8 hobgoblins
  3 jackals (D:2)
  11 kobolds
  8 quokkas
  3 frilled lizards
  4 rats
87 creatures vanquished.

Notes
Turn   | Place    | Note
-------+----------+-------------------------------------------
     0 | D:1      | cowcol the Minotaur Monk began the quest for the Orb.
     0 | D:1      | Reached XP level 1. HP: 19/19 MP: 0/0
   143 | D:1      | Reached skill level 4 in Axes
   143 | D:1      | Reached XP level 2. HP: 18/27 MP: 1/1
   903 | D:1      | Reached XP level 3. HP: 33/33 MP: 2/2
  1236 | D:2      | Reached XP level 4. HP: 39/40 MP: 3/3
  1296 | D:2      | Reached skill level 1 in Armour
  1675 | D:2      | Identified the +2 robe of Indomitability {Str+4}
  1881 | D:3      | Found a stormy altar of Qazlal.
  1956 | D:3      | Reached skill level 5 in Axes
  2158 | D:3      | Found a blossoming altar of Fedhas.
  2271 | D:3      | Found Amas's Magic Scroll Shoppe.
  2285 | D:3      | Bought a scroll of identify for 22 gold pieces
  2285 | D:3      | Bought a scroll of identify for 22 gold pieces
  2285 | D:3      | Bought a scroll of identify for 22 gold pieces
  2499 | D:3      | Reached XP level 5. HP: 47/47 MP: 4/4
  2499 | D:3      | Found a sacrificial altar of Ru.
  3026 | D:4      | Noticed a sky beast
  3028 | D:4      | Killed a sky beast
  3029 | D:4      | Reached skill level 6 in Axes
  3029 | D:4      | Reached XP level 6. HP: 53/53 MP: 5/5
  3122 | D:4      | Noticed Dowan
  3129 | D:4      | Noticed Duvessa
  3135 | D:4      | Killed Dowan
  3529 | D:4      | Slain by Duvessa

Illustrated notes

Levels and vault maps discovered:
D:1:      nzn_arrival_depleted_hourglass, layout_basic
D:2:      cheibrodos_greedy_goblins, layout_rooms, nrook_loot_triangle,
          minmay_tall_x
D:3:      layout_basic, grunt_qazlal_clouds, fedhas_altar_3,
          hangedman_ru_absence, serial_shops, nicolae_shop_waterfront
D:4:      layout_basic, nicolae_shop_gadgets, uniq_grinder, uniq_duvessa,
          uniq_menkaure

Skill      XL: |  1  2  3  4  5 |
---------------+----------------+-----
Axes           | 4 5 6 |  6.2
Fighting       | 4 |  4.6
Dodging        | 4 |  4.8
Armour         | 1 2 |  2.8
Throwing       | |  0.1
Stealth        | |  1.9

Action                   |  1- 3 |  4- 6 || total
-------------------------+-------+-------++-------
Melee: Hand axe          |    56 |       ||    56
       Headbutt          |    11 |    12 ||    23
       War axe           |    13 |    89 ||   102
       Punch             |     1 |     1 ||     2
Throw: Stone             |     8 |       ||     8
       Dart              |     1 |     4 ||     5
  Use: Scroll            |     3 |     9 ||    12
 Stab: Sleeping          |     1 |       ||     1
Armor: Robe              |    14 |       ||    14
       Leather armour    |     5 |     7 ||    12
       Ring mail         |       |     4 ||     4
Dodge: Dodged            |    67 |    64 ||   131
